 Dungeon Crawl Stone Soup version 0.27.0-1-g7a08968 (webtiles) character file.

Game seed: 14793824693633995560

21 Ayyar the Grasshopper (level 2, 0/26 HPs)
             Began as a Gnoll Warper on Aug 9, 2021.
             Succumbed to a goblin's poison
             ... on level 2 of the Dungeon.
             The game lasted 00:03:12 (456 turns).

Ayyar the Grasshopper (Gnoll Warper)                 Turns: 456, Time: 00:03:12

Health: 0/26       AC:  3    Str: 10    XL:     2   Next: 87%
Magic:  7/7        EV: 12    Int: 12    God:
Gold:   23         SH:  0    Dex: 11    Spells: 10/10 levels left

rFire    . . .     SeeInvis .   i - +2 long sword (holy)
rCold    . . .     Faith    .   (no shield)
rNeg     . . .     Spirit   .   b - +0 leather armour
rPois    .         Reflect  .   (no helmet)
rElec    .         Harm     .   (no cloak)
rCorr    .         Rampage  .   (no gloves)
Will     .....                  (no boots)
Stlth    +.........             (no amulet)
HPRegen  0.08/turn              (no ring)
MPRegen  0.10/turn              (no ring)

@: lethally poisoned (0 -> -2)
A: fangs 1, strong nose, distributed training
a: no special abilities


You were on level 2 of the Dungeon.
You visited 1 branch of the dungeon, and saw 2 of its levels.

You collected 23 gold pieces.

Inventory:

Hand Weapons
 a - a +0 spear
 i - a +2 long sword of holy wrath (weapon)
Missiles
 d - 5 boomerangs of dispersal (quivered)
Armour
 b - a +0 leather armour (worn)
Jewellery
 h - a +4 ring of protection
Scrolls
 c - a scroll of blinking
 e - a scroll of brand weapon {unknown}
 f - a scroll of fog {unknown}
 g - a scroll of identify {unknown}


   Skills:
 + Level 4.5 Fighting
 + Level 0.5 Short Blades
 + Level 0.5 Long Blades
 + Level 0.5 Axes
 + Level 0.5 Maces & Flails
 + Level 4.5 Polearms
 + Level 0.5 Staves
 + Level 0.5 Slings
 + Level 0.5 Bows
 + Level 0.5 Crossbows
 + Level 2.5 Throwing
 + Level 2.5 Armour
 + Level 4.5 Dodging
 + Level 0.5 Stealth
 + Level 0.5 Shields
 + Level 0.5 Unarmed Combat
 + Level 4.9 Spellcasting
 + Level 0.4 Conjurations
 + Level 0.4 Hexes
 + Level 0.4 Summonings
 + Level 0.4 Necromancy
 + Level 5.4 Translocations
 + Level 0.4 Transmutations
 + Level 0.4 Fire Magic
 + Level 0.4 Ice Magic
 + Level 0.4 Air Magic
 + Level 0.4 Earth Magic
 + Level 0.4 Poison Magic
 + Level 0.7 Invocations
 + Level 0.5 Evocations


You had 10 spell levels left.
You didn't know any spells.
Your spell library contained the following spells:

 Spells                   Type           Power      Damage    Failure   Level
 Blink                    Tloc           N/A        N/A       4%          2
 Gell's Gravitas          Tloc           7%         N/A       9%          3
 Lesser Beckoning         Tloc           7%         N/A       9%          3
 Teleport Other           Tloc           15%        N/A       9%          3
 Manifold Assault         Tloc           15%        N/A       63%         5


Dungeon Overview and Level Annotations

Branches:
Dungeon (2/15)

Altars:

Annotations:
D:2 Robin


Innate Abilities, Weirdness & Mutations

You have very sharp teeth.
Your uncanny sense of smell can sniff out nearby items.
Your experience applies equally to all skills.


Message History

You barely miss the goblin.
The goblin is severely wounded.
The hobgoblin hits you.
The goblin hits you with a +2 dagger of venom.
You are lethally poisoned!
The goblin hits you with a +0 dagger. The hobgoblin hits you.
* * * LOW HITPOINT WARNING * * *
The goblin hits you with a +2 dagger of venom.
* * * LOW HITPOINT WARNING * * *
You are more poisoned.
The hobgoblin closely misses you.
You riposte.
You hit the hobgoblin.
The hobgoblin is heavily wounded.
It was a potion of curing.
You feel better.
A goblin comes into view. It is wielding a +0 dagger.
The goblin misses you. The hobgoblin completely misses you.
The goblin hits you but does no damage.
You are poisoned.
The hobgoblin closely misses you.
You slash the goblin!
You kill the goblin!
You feel sick.
The hobgoblin hits you but does no damage.
The goblin misses you.
You riposte.
You slash the goblin!
You kill the goblin!
The hobgoblin closely misses you.
You riposte.
You slash the hobgoblin!
You kill the hobgoblin!
Robin hits you with a +4 short sword of electrocution.
* * * LOW HITPOINT WARNING * * *
* * * LOW HITPOINT WARNING * * *
You feel sick.
Items here: ))) ††.
* * * LOW HITPOINT WARNING * * *
You feel sick.
There is a lethal amount of poison in your body!
There is a lethal amount of poison in your body!
There is a lethal amount of poison in your body!
There is a lethal amount of poison in your body!
You hit the hobgoblin.
You kill the hobgoblin!
You die...

..#.# #.###.......#
#.#.###......###..#
#.#>..............# ∆
#.#.############.†#
#.#.###...........####.
#.#....................
#..................###.
######.............#
#))@............## . ∆
####g####+#+######..# .
#..††g..# ##.##.
#.#.....# #.##.
#....?### #.##.
#.....#... #..#.
#.......#.# ###.#.
#.......#... #.....
.........# ### #.##..


You could see a goblin (strong).

Vanquished Creatures
  An endoplasm (D:2)
  A giant cockroach (D:2)
  6 goblins
  6 hobgoblins
  A ball python (D:1)
  A bat (D:2)
  A frilled lizard (D:1)
  2 rats (D:2)
19 creatures vanquished.

Notes
Turn   | Place    | Note
-------+----------+-------------------------------------------
     0 | D:1      | Ayyar the Gnoll Warper began the quest for the Orb.
     0 | D:1      | Reached XP level 1. HP: 20/20 MP: 6/6
   236 | D:2      | Reached XP level 2. HP: 22/26 MP: 7/7
   442 | D:2      | Noticed Robin
   455 | D:2      | HP: 1/26 [poisoned by a goblin]
   456 | D:2      | Succumbed to a goblin's poison

Illustrated notes

Levels and vault maps discovered:
D:1:      dpeg_arrival_signposts, layout_basic, serial_shops, shop_statue
D:2:      layout_basic, uniq_robin, uniq_sigmund, uniq_terence

Action                   || total
-------------------------++-------
Melee: Spear             ||    36
       Long sword        ||    21
       Bite              ||     5
  Use: Potion            ||     1
Armor: Leather armour    ||     5
Dodge: Dodged            ||    38
       Rpst.: Long sword ||     7
